General information
- name: BNet
- type: Ladder team game (AT/RT)
- host: Battle.net
- saver: MyKindofTown
map: MarketSquare
- players: 8
- length: 37:00
- speed: Fast
- version: 1.26 W3XP
- replay type: Public
» download(182 KB)
Players
team 1 (winner)

»
jblaze69 (
green | 36 APM | 945 actions | 26:15)
5 Far Seer
3 Feral Spirit
2 Chain Lighting
3 Tauren Chieftain
1 War Stomp
2 Endurance Aura
3 Shadow Hunter
2 Healing Wave
1 Hex
» actions
| Assign group hotkey | 34 | |
| Basic commands | 65 | |
| Build / train | 62 | |
| Enter build submenu | 19 | |
| Enter hero's abilities submenu | 12 | |
| Remove unit from queue | 1 | |
| Right click | 198 | |
| Select / deselect | 264 | |
| Select group hotkey | 210 | |
| Use ability | 79 | |
945 total
» units
| Peon | 10 | |
| Troll Headhunter/Berserker | 8 | |
| Wind Rider | 6 | |
| Shaman | 4 | |
| Forest Troll High Priest | 1 | |
29 total
» upgrades
| Ranged Weapons | 3 | |
| Troll Regeneration | 1 | |
| Berserker Upgrade | 1 | |
| Shaman Training | 2 | |
| Envenomed Spears | 1 | |
| Armor | 2 | |
| Reinforced Defenses | 1 | |
11 total
» buildings
| Altar of Storms | 1 | |
| Orc Burrow | 8 | |
| War Mill | 3 | |
| Barracks | 1 | |
| Voodoo Lounge | 1 | |
| Stronghold | 1 | |
| Fortress | 1 | |
| Beastiary | 1 | |
| Spirit Lodge | 1 | |
| Watch Tower | 1 | |
19 total
» build order
00:09 Altar of Storms
00:14 Orc Burrow
01:00 War Mill
01:03 War Mill
01:06 War Mill
01:16 Barracks
01:56 Orc Burrow
02:38 Voodoo Lounge
03:22 Stronghold
03:47 Orc Burrow
05:07 Orc Burrow
06:18 Fortress
08:12 Beastiary
08:15 Spirit Lodge
08:43 Orc Burrow
09:22 Orc Burrow
10:32 Watch Tower
12:20 Orc Burrow
14:20 Orc Burrow
» items
| Healing Salve | 1 | |
| Lesser Clarity Potion | 1 | |
| Scroll of Town Portal | 1 | |
| Potion of Lesser Invulnerability | 1 | |
4 total
MyKindofTown (
blue | 60 APM | 2221 actions | 37:00)
9 Blood Mage
3 Flame Strike
3 Siphon Mana
1 Summon Phoenix
2 Banish
» actions
| Assign group hotkey | 23 | |
| Basic commands | 187 | |
| Build / train | 110 | |
| ESC pressed | 4 | |
| Enter build submenu | 39 | |
| Enter hero's abilities submenu | 9 | |
| Give item / drop item | 6 | |
| Right click | 888 | |
| Select / deselect | 393 | |
| Select group hotkey | 457 | |
| Use ability | 105 | |
2221 total
» units
| Peasant | 25 | |
| Footman | 12 | |
| Sorceress | 1 | |
| Gryphon Rider | 4 | |
| Dragonhawk Rider | 2 | |
44 total
» upgrades
| Masonry | 3 | |
| Lumber Harvesting | 2 | |
| Armor | 4 | |
| Swords | 3 | |
| Sorceress Training | 2 | |
| Magic Sentry | 1 | |
| Animal War Training | 1 | |
| Storm Hammers | 2 | |
| Cloud | 1 | |
| Priest Training | 2 | |
| Control Magic | 1 | |
| Backpack | 1 | |
| Gunpowder | 3 | |
| Plating | 3 | |
| Defend | 1 | |
| Long Rifles | 1 | |
31 total
» buildings
| Altar of Kings | 1 | |
| Barracks | 1 | |
| Farm | 8 | |
| Arcane Vault | 1 | |
| Town Hall | 2 | |
| Scout Tower | 13 | |
| Lumber Mill | 1 | |
| Keep | 2 | |
| Guard Tower | 5 | |
| Arcane Tower | 2 | |
| Blacksmith | 2 | |
| Castle | 2 | |
| Arcane Sanctum | 1 | |
| Gryphon Aviary | 4 | |
45 total
» build order
00:04 Altar of Kings
00:08 Barracks
00:13 Farm
00:55 Farm
01:38 Farm
03:25 Arcane Vault
03:30 Town Hall
04:04 Farm
04:57 Scout Tower
05:01 Scout Tower
05:03 Scout Tower
05:05 Scout Tower
05:08 Scout Tower
05:14 Lumber Mill
05:49 Keep
05:50 Keep
06:13 Scout Tower
06:28 Guard Tower
06:31 Scout Tower
07:41 Arcane Tower
07:43 Arcane Tower
07:49 Blacksmith
07:54 Blacksmith
08:20 Castle
08:21 Castle
08:25 Arcane Sanctum
08:31 Gryphon Aviary
08:36 Gryphon Aviary
09:38 Farm
09:50 Gryphon Aviary
09:53 Farm
10:47 Scout Tower
10:52 Scout Tower
11:27 Guard Tower
12:42 Farm
12:45 Farm
13:51 Gryphon Aviary
31:51 Town Hall
31:55 Scout Tower
31:56 Scout Tower
32:01 Scout Tower
32:02 Scout Tower
32:50 Guard Tower
32:50 Guard Tower
» items
| Scroll of Regeneration | 7 | |
| Staff of Teleportation | 1 | |
| Potion of Invisibility | 1 | |
| Boots of Speed | 1 | |
| Scroll of Town Portal | 1 | |
| Potion of Lesser Invulnerability | 1 | |
12 total

»
teelo (
purple | 49 APM | 1807 actions | 37:00)
5 Blademaster
3 Critical Strike
2 Wind Walk
» actions
| Assign group hotkey | 73 | |
| Basic commands | 126 | |
| Build / train | 88 | |
| ESC pressed | 1 | |
| Enter build submenu | 35 | |
| Enter hero's abilities submenu | 5 | |
| Give item / drop item | 5 | |
| Remove unit from queue | 1 | |
| Right click | 686 | |
| Select / deselect | 270 | |
| Select group hotkey | 375 | |
| Use ability | 142 | |
1807 total
» units
| Peon | 25 | |
| Grunt | 10 | |
| Troll Batrider | 10 | |
45 total
» upgrades
| Melee Weapons | 3 | |
| Berserker Strength | 1 | |
| Pillage | 1 | |
| Armor | 3 | |
| Ranged Weapons | 3 | |
| Liquid Fire | 1 | |
| Reinforced Defenses | 1 | |
| Spiked Barricades | 2 | |
15 total
» buildings
| Orc Burrow | 7 | |
| Altar of Storms | 1 | |
| Barracks | 2 | |
| Voodoo Lounge | 1 | |
| War Mill | 4 | |
| Stronghold | 1 | |
| Great Hall | 8 | |
| Fortress | 1 | |
| Watch Tower | 10 | |
| Beastiary | 4 | |
39 total
» build order
00:20 Orc Burrow
00:45 Altar of Storms
00:55 Barracks
01:32 Voodoo Lounge
01:46 War Mill
02:04 Orc Burrow
02:42 Barracks
02:47 Orc Burrow
04:17 Stronghold
07:05 Great Hall
08:12 War Mill
08:15 War Mill
10:31 Fortress
10:42 Watch Tower
10:43 Watch Tower
10:45 Watch Tower
10:46 Watch Tower
11:36 Orc Burrow
12:41 Beastiary
12:54 Watch Tower
12:57 Watch Tower
13:43 War Mill
14:57 Beastiary
17:05 Beastiary
17:05 Beastiary
18:23 Orc Burrow
18:24 Orc Burrow
24:09 Great Hall
27:53 Orc Burrow
32:47 Great Hall
32:55 Great Hall
33:13 Great Hall
34:53 Watch Tower
34:57 Watch Tower
35:02 Great Hall
35:40 Great Hall
36:00 Watch Tower
36:33 Great Hall
36:37 Watch Tower
» items
| Healing Salve | 8 | |
| Lesser Clarity Potion | 2 | |
| Boots of Speed | 2 | |
| Potion of Mana | 2 | |
| Orb of Lightning | 1 | |
| Potion of Healing | 1 | |
| Tiny Great Hall | 1 | |
| Scroll of Town Portal | 1 | |
| Staff of Teleportation | 1 | |
19 total

»
smellynoise (
teal | 24 APM | 905 actions | 37:00)
4 Blademaster
2 Wind Walk
2 Critical Strike
2 Tauren Chieftain
1 Endurance Aura
1 War Stomp
3 Shadow Hunter
1 Hex
2 Healing Wave
» actions
| Basic commands | 3 | |
| Build / train | 69 | |
| Enter build submenu | 33 | |
| Enter hero's abilities submenu | 9 | |
| Remove unit from queue | 1 | |
| Right click | 382 | |
| Select / deselect | 335 | |
| Use ability | 73 | |
905 total
» units
» upgrades
| Berserker Strength | 1 | |
| Ensnare | 1 | |
| Reinforced Defenses | 1 | |
3 total
» buildings
| Altar of Storms | 1 | |
| Orc Burrow | 11 | |
| Voodoo Lounge | 2 | |
| Barracks | 2 | |
| War Mill | 1 | |
| Stronghold | 1 | |
| Watch Tower | 5 | |
| Beastiary | 2 | |
| Fortress | 1 | |
| Great Hall | 3 | |
29 total
» build order
00:07 Altar of Storms
00:16 Orc Burrow
00:52 Voodoo Lounge
01:10 Voodoo Lounge
01:40 Barracks
02:07 Orc Burrow
02:38 Barracks
03:36 War Mill
05:10 Stronghold
05:45 Orc Burrow
05:59 Watch Tower
07:41 Orc Burrow
08:10 Orc Burrow
08:39 Beastiary
08:44 Orc Burrow
08:48 Fortress
09:39 Orc Burrow
10:59 Great Hall
11:13 Watch Tower
11:13 Watch Tower
11:14 Watch Tower
11:23 Orc Burrow
11:30 Orc Burrow
11:35 Orc Burrow
12:25 Orc Burrow
12:44 Watch Tower
16:37 Beastiary
17:22 Great Hall
23:30 Great Hall
» items
| Healing Salve | 5 | |
| Lesser Clarity Potion | 4 | |
| Scroll of Speed | 1 | |
10 total
team 2 (loser)

»
Renevantofdark (
orange | 3 APM | 101 actions | 37:00)
» actions
| Basic commands | 1 | |
| Build / train | 2 | |
| Right click | 20 | |
| Select / deselect | 75 | |
| Use ability | 3 | |
101 total
» units
OKC-SUX-LAWL (
red | 65 APM | 2260 actions | 34:42)
7 Mountain King
3 Storm Bolt
3 Bash
1 Avatar
3 Paladin
2 Holy Light
1 Divine Shield
» actions
| Assign group hotkey | 30 | |
| Basic commands | 72 | |
| Build / train | 100 | |
| Enter build submenu | 23 | |
| Enter hero's abilities submenu | 10 | |
| Give item / drop item | 9 | |
| Right click | 971 | |
| Select / deselect | 275 | |
| Select group hotkey | 681 | |
| Use ability | 89 | |
2260 total
» units
| Peasant | 21 | |
| Footman | 4 | |
| Gryphon Rider | 8 | |
33 total
» upgrades
| Masonry | 3 | |
| Lumber Harvesting | 2 | |
| Animal War Training | 1 | |
| Storm Hammers | 1 | |
| Swords | 3 | |
| Armor | 3 | |
| Cloud | 1 | |
14 total
» buildings
| Altar of Kings | 1 | |
| Barracks | 1 | |
| Farm | 9 | |
| Scout Tower | 21 | |
| Arcane Tower | 2 | |
| Arcane Vault | 1 | |
| Keep | 3 | |
| Lumber Mill | 1 | |
| Guard Tower | 11 | |
| Town Hall | 3 | |
| Castle | 2 | |
| Gryphon Aviary | 3 | |
| Blacksmith | 1 | |
| Arcane Sanctum | 4 | |
63 total
» build order
00:14 Altar of Kings
00:22 Barracks
00:36 Farm
00:54 Farm
01:36 Scout Tower
01:41 Farm
02:13 Arcane Tower
02:32 Arcane Vault
03:30 Keep
03:30 Keep
03:47 Lumber Mill
04:18 Scout Tower
04:20 Scout Tower
04:21 Scout Tower
04:21 Scout Tower
04:27 Farm
05:15 Guard Tower
05:15 Guard Tower
06:11 Guard Tower
06:28 Farm
06:53 Scout Tower
06:54 Scout Tower
06:55 Scout Tower
06:55 Scout Tower
06:59 Town Hall
07:26 Guard Tower
08:00 Castle
09:26 Gryphon Aviary
09:29 Gryphon Aviary
09:30 Gryphon Aviary
09:32 Farm
09:32 Farm
09:33 Farm
09:57 Blacksmith
12:09 Guard Tower
13:46 Scout Tower
13:46 Scout Tower
13:46 Scout Tower
13:47 Scout Tower
15:07 Guard Tower
16:35 Guard Tower
16:39 Scout Tower
16:40 Scout Tower
16:41 Scout Tower
16:41 Scout Tower
16:42 Scout Tower
16:43 Scout Tower
16:43 Scout Tower
17:21 Guard Tower
17:48 Guard Tower
19:13 Guard Tower
26:11 Town Hall
30:08 Town Hall
32:07 Arcane Sanctum
32:09 Arcane Sanctum
32:19 Arcane Sanctum
32:21 Arcane Sanctum
» items
| Scroll of Regeneration | 4 | |
| Scroll of Town Portal | 3 | |
| Staff of Teleportation | 1 | |
| Potion of Lesser Invulnerability | 1 | |
| Potion of Invisibility | 1 | |
| Ivory Tower | 2 | |
| Potion of Healing | 1 | |
| Orb of Venom | 1 | |
| Staff of Sanctuary | 1 | |
| Orb of Fire | 1 | |
| Potion of Mana | 1 | |
17 total
seiyakevin (
pink | 54 APM | 885 actions | 16:17)
2 Paladin
1 Holy Light
1 Divine Shield
1 Mountain King
1 Storm Bolt
» actions
| Assign group hotkey | 32 | |
| Basic commands | 15 | |
| Build / train | 51 | |
| Enter build submenu | 18 | |
| Enter hero's abilities submenu | 3 | |
| Give item / drop item | 3 | |
| Right click | 415 | |
| Select / deselect | 199 | |
| Select group hotkey | 97 | |
| Use ability | 52 | |
885 total
» units
| Peasant | 9 | |
| Footman | 8 | |
| Knight | 2 | |
| Priest | 1 | |
20 total
» upgrades
| Animal War Training | 1 | |
| Swords | 1 | |
| Defend | 1 | |
| Plating | 1 | |
| Lumber Harvesting | 1 | |
| Priest Training | 1 | |
| Sorceress Training | 1 | |
7 total
» buildings
| Farm | 7 | |
| Altar of Kings | 1 | |
| Barracks | 2 | |
| Lumber Mill | 1 | |
| Arcane Vault | 1 | |
| Keep | 1 | |
| Scout Tower | 1 | |
| Guard Tower | 2 | |
| Blacksmith | 1 | |
| Castle | 1 | |
| Arcane Sanctum | 2 | |
20 total
» build order
00:06 Farm
00:08 Altar of Kings
00:29 Barracks
00:44 Farm
01:37 Lumber Mill
02:01 Arcane Vault
03:27 Keep
03:36 Barracks
03:43 Farm
04:23 Scout Tower
04:42 Farm
05:01 Guard Tower
05:18 Blacksmith
06:15 Castle
10:33 Farm
10:35 Farm
11:18 Arcane Sanctum
11:21 Arcane Sanctum
12:27 Farm
15:01 Guard Tower
» items
| Scroll of Regeneration | 4 | |
| Lesser Clarity Potion | 2 | |
| Scroll of Town Portal | 2 | |
| Potion of Healing | 2 | |
| Ivory Tower | 5 | |
15 total
sistahaye67 (
yellow | 36 APM | 578 actions | 16:12)
2 Priestess of the Moon
1 Scout
1 Trueshot Aura
» actions
| Build / train | 50 | |
| Enter build submenu | 13 | |
| Enter hero's abilities submenu | 2 | |
| Right click | 287 | |
| Select / deselect | 203 | |
| Use ability | 23 | |
578 total
» units
| Wisp | 14 | |
| Archer | 15 | |
| Hippogryph | 4 | |
33 total
» upgrades
| Strength of the Moon | 3 | |
| Moon Armor | 2 | |
| Ultravision | 1 | |
| Hippogryph Taming | 1 | |
| Improved Bows | 1 | |
8 total
» buildings
| Ancient of War | 1 | |
| Moon Well | 5 | |
| Altar of Elders | 1 | |
| Ancient of Wonders | 1 | |
| Hunter's Hall | 1 | |
| Tree of Ages | 1 | |
| Ancient of Wind | 2 | |
| Tree of Eternity | 1 | |
13 total
» build order
00:17 Ancient of War
00:22 Moon Well
00:43 Altar of Elders
02:17 Moon Well
03:01 Ancient of Wonders
03:55 Hunter's Hall
04:28 Tree of Ages
05:27 Moon Well
05:36 Moon Well
06:43 Moon Well
07:58 Ancient of Wind
08:42 Ancient of Wind
10:36 Tree of Eternity
» items
| Scroll of Town Portal | 3 | |
| Potion of Mana | 1 | |
4 total
Chat log
(00:07 / All) teelo: shit everyones lv1, who was who again?
(00:10 / All) OKC-SUX-LAWL: was that turncoat
(00:32 / Allies) jblaze69: 3 orc
(00:41 / Allies) jblaze69: hh sham
(00:41 / Allies) smellynoise: grunts to shamy
(00:44 / All) teelo: red who was turncoat again
(00:46 / Allies) smellynoise: oh shit
(00:47 / All) OKC-SUX-LAWL: oj is afk god dammit
(00:50 / All) OKC-SUX-LAWL: frosty was in channel
(01:08 / All) teelo: lol teal is such a dick
(01:27 / All) teelo: who was turncoat?
(01:33 / All) OKC-SUX-LAWL: frosty
(01:33 / Allies) smellynoise: bm meele
(01:40 / All) teelo: there was another guy in the channel
(01:42 / All) teelo: who was that
(01:48 / All) MyKindofTown: Probably a random
(01:55 / All) teelo: oh so its just us?
(01:59 / All) MyKindofTown: yeah
(02:02 / All) teelo: kk
(02:33 / All) teelo: obligatory "ZOMG THESE NEW SERVERS ARE SO CRAP IM LAGGING SO MUCH" etc whining nonsense
(03:31 / Allies) teelo: zomg
(03:34 / Allies) teelo: tome of overpowered
(03:41 / Allies) MyKindofTown: I got a pendant
(03:58 / Allies) teelo: dunno why I'm 2 raxing
(03:59 / Allies) teelo: ugh
(04:22 / Allies) teelo: omw running over
(04:28 / Allies) teelo: hold it off, make a tower until I'm there
(05:26 / Allies) teelo: oh just a hawk
(05:32 / Allies) jblaze69: mid now]
(05:55 / Allies) teelo: lol
(06:02 / Allies) teelo: creep lightning shields another creep that dies half a second later
(06:12 / Allies) teelo: green, expansions now
(06:13 / Allies) teelo: not mid
(06:45 / Allies) teelo: dammit
(06:49 / Allies) teelo: coming after these creeps are dead
(08:03 / Allies) teelo: wasnt red with us?
(08:18 / Allies) MyKindofTown: yes that's flamechamp
(08:26 / Allies) teelo: oh you should've said so
(08:27 / Allies) teelo: okay
(08:47 / Allies) teelo: so hes helping us win, right?
(08:57 / Allies) MyKindofTown: yeah
(09:15 / Allies) smellynoise: gold
(10:33 / Allies) smellynoise: wood
(10:46 / Allies) smellynoise: 5 wod
(13:06 / Allies) teelo: hmm
(13:10 / Allies) teelo: nknights and hippo riders
(13:12 / Allies) teelo: okay making bats
(14:29 / All) OKC-SUX-LAWL: who the fuck crept middle
(14:42 / All) teelo: obligatory trash talk "ur mom lawl" comment
(15:29 / Allies) smellynoise: map hackr
(15:29 / All) MyKindofTown: Sure you want to engage my 3 units pink?
(15:33 / Allies) MyKindofTown: who
(17:23 / Allies) teelo: lol what are you doing
(17:27 / Allies) teelo: we want our team to win remember
(17:30 / Allies) teelo: not stalemate
(17:42 / Allies) teelo: blue!
(17:57 / Allies) teelo: blue we arent making this game a standoff
(17:58 / Allies) teelo: next game we can
(18:49 / Allies) smellynoise: ass
(19:33 / Allies) jblaze69: gold?
(19:58 / Allies) MyKindofTown: Sure., give me all of yours and I'll let you live teal
(20:42 / All) teelo: FLAMECHAMP WHY ARENT YOU REPLYING TO ME
(20:53 / All) MyKindofTown: He might have forgot to add you to his friends list
(20:54 / All) OKC-SUX-LAWL: are u jokign?
(21:01 / Allies) smellynoise: mass towr
(21:09 / All) teelo: I've been trying to talk to you for like 10 minutes neither of you are replying
(21:16 / All) OKC-SUX-LAWL: yes we are
(21:16 / All) OKC-SUX-LAWL: man
(21:22 / All) MyKindofTown: Oh lawl, I forgot to add you to my friends list
(21:24 / All) teelo: no you arent?
(21:31 / All) OKC-SUX-LAWL: u cant hear whispers then
(21:35 / All) OKC-SUX-LAWL: must be muted
(21:40 / All) OKC-SUX-LAWL: yes man
(21:40 / All) teelo: I BLAME BATTLE.NET 1.1
(21:50 / All) OKC-SUX-LAWL: im not pies
(21:53 / All) OKC-SUX-LAWL: i wont betray u
(21:55 / All) OKC-SUX-LAWL: its just green and teal
(22:01 / All) teelo: oh we want them to leave?
(22:04 / All) teelo: okay gotcha
(22:10 / All) OKC-SUX-LAWL: dont say it so obvious lawl
(22:27 / All) teelo: allright what do you want me to do now
(22:35 / All) OKC-SUX-LAWL: ur team
(22:44 / All) teelo: use ingame private message instead of whisper
(23:06 / All) teelo: actually try the whisper again
(23:10 / All) teelo: i just turned off igw
(23:23 / All) OKC-SUX-LAWL: i said so much in whispers
(23:26 / All) OKC-SUX-LAWL: u never heard a word
(23:35 / All) teelo: yeah its cause of blizzard IGW thing
(23:39 / All) teelo: I didnt even realise it was on
(23:41 / All) teelo: blame them
(23:44 / All) OKC-SUX-LAWL: cuz u got banned on d3?
(23:58 / All) teelo: nah its an option I turned on when I played D2, to stop the goldspam whispers
(24:05 / All) teelo: didnt realise they had applied to to my WC3 account
(24:09 / Allies) smellynoise: \lame ass blue
(24:22 / All) MyKindofTown: You lost teal and green, leave faggots
(24:27 / All) OKC-SUX-LAWL: i didnt know u played d2
(24:35 / Allies) smellynoise: ur the mother fuckin fagget
(24:45 / Allies) smellynoise: learn to play man jess
(24:48 / All) teelo: i dont, much
(24:52 / All) MyKindofTown: "ur the mother fuckin fagget learn to play man jess" - Teal
(25:02 / All) MyKindofTown: Why do you think my name is Jess, teal?
(25:10 / All) MyKindofTown: HUEHUEHUEHUEHUE Are you a Brazilian?
(25:15 / All) smellynoise: blue ur ignorant
(25:24 / All) MyKindofTown: Oh?
(25:57 / All) OKC-SUX-LAWL: yes i see
(26:15 / All) OKC-SUX-LAWL: what did middle drop
(26:23 / All) MyKindofTown: Crown of Kings
(26:23 / All) teelo: dunno they creeped it
(26:25 / Allies) smellynoise: my itm
(26:26 / All) MyKindofTown: Green's TC had it I think
(26:31 / All) MyKindofTown: oh, teal apparently
(26:41 / All) MyKindofTown: teal you lost fag, you can leave now
(26:57 / All) MyKindofTown: Your expo is being raped by peasants, that must be humiliating.
(26:57 / Allies) smellynoise: really
(27:01 / All) MyKindofTown: Out.
(27:01 / Allies) smellynoise: wat fags man
(27:03 / All) OKC-SUX-LAWL: dont worry about it
(27:17 / All) teelo: teal leave we dont like you, you backstabbed me last game
(27:26 / All) OKC-SUX-LAWL: who wants claws
(27:27 / Allies) smellynoise: reall
(27:29 / All) OKC-SUX-LAWL: plus 15
(27:34 / All) MyKindofTown: Teal you lost, GET THE FUCK OUT
(27:35 / Allies) smellynoise: i didnt
(27:39 / All) MyKindofTown: I'll take them, I got two already
(27:42 / All) MyKindofTown: want to see how high I can get it
(27:47 / All) smellynoise: blow me
(27:50 / All) OKC-SUX-LAWL: come here purp
(28:08 / All) teelo: huh what
(28:35 / All) teelo: where do you want me, red?
(28:51 / All) OKC-SUX-LAWL: top left expo claws are there
(28:58 / All) teelo: k omw
(29:08 / All) teelo: Is teals bm still alive?
(29:37 / All) OKC-SUX-LAWL: who got it lawl
(29:40 / All) MyKindofTown: Teelo
(29:42 / All) teelo: I took it
(29:46 / All) teelo: k teals dead now
(29:49 / All) OKC-SUX-LAWL: i had delay looked like rod got it
(30:18 / All) smellynoise: you guys are so cool
(30:22 / All) MyKindofTown: Thanks.
(30:27 / All) smellynoise: i want to b juust like u
(30:34 / All) MyKindofTown: leave unless you want to watch us fuck around for 5 hours
(30:40 / All) smellynoise: fagget i are not so have a good time
(30:46 / All) MyKindofTown: Bye!
(30:47 / All) OKC-SUX-LAWL: wasng watching
(30:49 / All) MyKindofTown: bella ciao ciao ciao!
(31:03 / All) MyKindofTown: CIAO, CIAO, CIAO. LEAVE TEAL
(31:50 / All) OKC-SUX-LAWL: mk vs bm battle rod
(31:52 / All) OKC-SUX-LAWL: at fountain
(32:07 / All) teelo: okay back
(32:09 / All) MyKindofTown: BM loses, what kind of fight is that?
(32:47 / All) MyKindofTown: Rigged fight
(32:52 / All) OKC-SUX-LAWL: indeed
(33:01 / All) OKC-SUX-LAWL: what time is it
(33:04 / All) OKC-SUX-LAWL: ten is jeopardy
(33:08 / All) teelo: red may I suicide my bats unto your gryphs?
(33:10 / All) MyKindofTown: 9:58
(33:24 / All) OKC-SUX-LAWL: yes
(33:28 / All) OKC-SUX-LAWL: im gonna go ok?
(33:32 / All) teelo: k
(33:34 / All) MyKindofTown: no, leave first
(33:36 / All) OKC-SUX-LAWL: kill my base
(33:36 / All) teelo: Where are your gryphs
(33:37 / All) OKC-SUX-LAWL: gogo
(33:38 / All) MyKindofTown: or else we gotta kill all your shit
(33:39 / All) OKC-SUX-LAWL: nothing there
(33:53 / All) OKC-SUX-LAWL: im gnna watch jeopardy
(34:02 / All) teelo: where are your gryphs
(34:09 / All) OKC-SUX-LAWL: dead he killed them
(34:12 / All) teelo: aww
(34:17 / All) teelo: i wanted to suicide bats :(
(34:21 / All) MyKindofTown: I did?
(34:24 / All) MyKindofTown: At the fountain I guess
(34:28 / All) MyKindofTown: Thought you meant other gryphons
(34:32 / All) OKC-SUX-LAWL: u 2 play a game if ur bored i need to watch my jeopardy i may be back in like an hour or so
(34:36 / All) OKC-SUX-LAWL: can i leave?
(34:41 / All) MyKindofTown: yeah
(34:46 / All) teelo: nah I'll be up for another a bit later, need to get dinner now
(35:01 / Allies) MyKindofTown: suicide
(35:25 / All) teelo: wheee
(36:24 / All) teelo: sif flamestrike me lol
(36:41 / All) MyKindofTown: I didn't siphon flamestrike you
(36:44 / All) MyKindofTown: was striking the building
(36:47 / All) MyKindofTown: didn't siphon at all
(36:53 / All) teelo: lol
(36:55 / All) MyKindofTown: Congratulations on your first game
(36:56 / All) MyKindofTown: Teelo